Map: Arctic Dream LE

Players

Throwfordays - Winner!

  • Race: Protoss Protoss

Faust - Winner!

  • Race: Zerg Zerg

MidgetBooty

  • Race: Protoss Protoss

NipsMcGee

  • Race: Terran Terran

VOD

Have the link to the VOD?

Description

Time

  • Played on: April 9, 2021, 4:38 p.m.
  • Length: 12:56
Show
View Real Time Build Order
Export as new Build Order

Throwfordays Protoss - Winner!

Build Orders: 1 Gate Expand 

Get SALT Encoding   

  12  0:00  Probe  
  13  0:12  Probe  
  14  0:18  Pylon  
  14  0:25  Probe  
  15  0:37  Probe  
  15  0:41  Gateway  
  16  0:47  Assimilator  
  16  0:49  Probe  
  17  1:04  Probe  
  18  1:16  Probe  
  19  1:27  Nexus  
  19  1:31  Probe  
  20  1:39  Cybernetics Core  
  20  1:44  Zealot  
  22  1:51  Pylon  
  22  1:57  Assimilator  
  22  2:06  Forge  
  24  2:16  Adept  
  24  2:22  Probe  
  25  2:29  Pylon  
  25  2:34  Probe  
  26  2:39  Probe  
  26  2:43  Photon Cannon  
  27  2:46  Probe  
  28  2:51  Probe  
  29  2:59  Photon Cannon  
  29  3:05  Photon Cannon  
  29  3:12  Warp Gate (Chrono Boost), Probe x2 (Chrono Boost)  
  31  3:21  Probe (Chrono Boost)  
  31  3:24  Probe (Chrono Boost)  
  31  3:26  Stalker, Probe (Chrono Boost)  
  35  3:32  Probe  
  37  3:38  Probe  
  38  3:45  Probe  
  39  3:50  Probe  
  39  3:51  Stargate  
  40  3:58  Stargate  
  40  4:00  Probe  
  41  4:02  Probe  
  41  4:05  Assimilator  
  41  4:07  Assimilator  
  42  4:13  Probe  
  42  4:16  Probe  
  44  4:26  Protoss Shields Level 1 (Chrono Boost)  
  44  4:28  Probe  
  44  4:29  Void Ray  
  49  4:39  Void Ray  
  53  4:47  Probe  
  53  4:52  Pylon  
  54  4:54  Pylon  
  54  5:08  Nexus  
  54  5:10  Probe x2  
  54  5:11  Assimilator  
  56  5:17  Assimilator  
  56  5:19  Pylon  
  56  5:20  Void Ray  
  56  5:22  Probe x2  
  56  5:23  Stalker  
  64  5:34  Probe  
  64  5:35  Void Ray, Probe  
  70  5:47  Probe x2  
  72  5:59  Pylon, Probe  
  72  6:00  Probe  
  72  6:01  Void Ray  
  72  6:03  Pylon  
  74  6:04  Protoss Air Weapons Level 1 (Chrono Boost)  
  78  6:13  Pylon, Void Ray  
  78  6:17  Probe x2  
  84  6:28  Pylon  
  84  6:29  Probe  
  84  6:31  Probe  
  86  6:39  Probe  
  87  6:41  Probe  
  87  6:42  Void Ray  
  87  6:43  Probe  
  89  6:51  Probe  
  89  6:52  Void Ray  
  89  6:53  Probe  
  95  6:55  Probe  
  95  6:56  Stargate  
  95  6:58  Pylon  
  100  7:03  Probe  
  100  7:04  Pylon  
  100  7:05  Probe  
  100  7:06  Stargate  
  100  7:07  Probe  
  103  7:10  Cybernetics Core  
  103  7:13  Twilight Council  
  103  7:15  Probe  
  103  7:19  Probe  
  105  7:25  Void Ray  
  105  7:28  Probe  
  99  7:53  Probe  
  98  8:02  Void Ray  
  98  8:03  Void Ray x3  
  98  8:05  Probe  
  115  8:16  Probe  
  115  8:18  Probe  
  117  8:28  Probe  
  117  8:30  Probe  
  119  8:40  Probe  
  120  8:42  Probe  
  113  9:03  Void Ray x4 (Chrono Boost)  
  105  9:18  Nexus  
  105  9:22  Pylon  
  105  9:24  Assimilator  
  105  9:29  Assimilator, Fleet Beacon  
  105  9:33  Protoss Shields Level 2, Void Ray (Chrono Boost)  
  105  9:34  Void Ray (Chrono Boost)  
  105  9:35  Stalker  
  107  9:44  Protoss Air Armor Level 1  
  115  10:05  Assimilator  
  115  10:10  Assimilator  
  115  10:12  Nexus  
  115  10:15  Void Ray x3 (Chrono Boost)  
  115  10:26  Void Ray (Chrono Boost)  
  131  10:37  Probe  
  132  10:45  Flux Vanes  
  132  10:53  Probe  
  132  10:54  Void Ray x3  
  133  11:01  Void Ray  
  149  11:16  Probe  
  150  11:25  Stalker  
  152  11:28  Probe  
  152  11:31  Pylon  
  152  11:32  Pylon  
  153  11:33  Pylon  
  153  11:36  Pylon  
  153  11:40  Probe  
  154  11:52  Probe  
  155  12:00  Void Ray x2  
  155  12:01  Void Ray x2  
  155  12:05  Probe  
Show
View Real Time Build Order
Export as new Build Order

Faust Zerg - Winner!

Build Orders: Hatch First, Lurkers, Muta Ling Bane 

Get SALT Encoding   

  12  0:00  Drone  
  13  0:10  Drone  
  14  0:15  Extractor  
  14  0:17  Drone  
  14  0:21  Extractor  
  14  0:22  Drone  
  16  0:35  Overlord  
  16  0:54  Drone x2  
  18  0:58  Hatchery  
  17  1:10  Spawning Pool  
  16  1:13  Drone  
  16  1:18  Drone  
  18  1:40  Hatchery  
  17  1:49  Drone x2  
  17  1:50  Overlord  
  19  1:59  Queen  
  21  2:11  Queen  
  21  2:13  Zergling x2  
  25  2:15  Drone  
  25  2:23  Drone x2  
  25  2:24  Drone  
  28  2:34  Overlord  
  28  2:39  Drone  
  28  2:41  Queen  
  28  2:43  Drone  
  32  2:57  Queen  
  34  2:59  Drone  
  34  3:00  Drone x3  
  38  3:07  Extractor  
  38  3:08  Extractor, Drone x3  
  38  3:09  Drone  
  38  3:12  Drone  
  41  3:13  Drone  
  41  3:15  Drone  
  41  3:18  Drone  
  44  3:26  Extractor  
  44  3:27  Drone x3  
  44  3:28  Extractor, Drone  
  44  3:31  Drone  
  44  3:32  Drone  
  48  3:37  Overlord  
  48  3:53  Lair  
  47  4:05  Drone x6  
  47  4:06  Drone  
  47  4:07  Spore Crawler  
  53  4:11  Spore Crawler  
  53  4:12  Drone x4  
  53  4:13  Drone  
  53  4:16  Drone  
  58  4:18  Overlord  
  58  4:21  Overlord  
  58  4:39  Drone x8  
  58  4:40  Drone x2  
  58  4:43  Overlord  
  68  5:01  Drone x3  
  68  5:02  Drone x3  
  68  5:03  Extractor  
  73  5:08  Spire  
  73  5:09  Metabolic Boost  
  73  5:11  Spore Crawler  
  73  5:12  Drone  
  73  5:13  Drone x2  
  74  5:14  Baneling Nest  
  74  5:16  Evolution Chamber  
  74  5:18  Evolution Chamber x2  
  74  5:21  Drone x6  
  76  5:41  Extractor  
  75  5:45  Drone x2  
  75  5:48  Hatchery  
  76  5:55  Spore Crawler  
  75  5:58  Spore Crawler, Zergling x2  
  75  6:00  Zergling x2  
  76  6:14  Overlord x3  
  76  6:25  Zerg Melee Weapons Level 1, Zerg Missile Weapons Level 1  
  76  6:26  Zerg Ground Armor Level 1  
  76  6:27  Mutalisk  
  76  6:28  Zerg Flyer Weapons Level 1, Mutalisk x2  
  76  6:31  Mutalisk x6  
  76  6:32  Mutalisk x2  
  98  6:34  Mutalisk  
  98  6:36  Drone  
  98  6:37  Drone x5  
  105  6:42  Overlord  
  105  6:43  Overlord x3  
  105  6:50  Centrifical Hooks  
  105  6:52  Infestation Pit  
  104  7:02  Drone  
  104  7:03  Queen, Drone x6  
  104  7:05  Overlord x2  
  104  7:06  Mutalisk x2  
  117  7:16  Zergling x2  
  117  7:17  Zergling x10  
  117  7:19  Mutalisk  
  125  7:38  Zergling x24  
  125  7:39  Zergling x2, Baneling  
  125  7:40  Baneling x9  
  138  7:56  Mutalisk  
  138  7:57  Mutalisk x4  
  146  7:58  Zergling x2  
  146  7:59  Zergling x20  
  157  8:10  Overlord x4  
  153  8:18  Baneling x2  
  153  8:23  Extractor, Overlord x2  
  153  8:24  Overlord  
  153  8:25  Extractor  
  153  8:26  Overlord x2  
  151  8:27  Overlord x2  
  151  8:36  Drone x3  
  151  8:37  Drone x3  
  151  8:39  Hive  
  151  8:41  Zerg Melee Weapons Level 2, Zerg Missile Weapons Level 2  
  157  8:42  Zerg Ground Armor Level 2  
  157  8:47  Hydralisk Den  
  152  9:20  Hydralisk x4  
  152  9:21  Hydralisk x9  
  176  9:30  Lurker Den  
  175  9:44  Drone x5  
  180  9:54  Extractor, Hatchery  
  180  9:57  Extractor  
  175  10:00  Hydralisk x4  
  175  10:01  Hydralisk  
  175  10:02  Overlord x2  
  175  10:17  Drone x2  
  175  10:18  Drone  
  175  10:20  Drone x3  
  181  10:29  Adaptive Talons  
  181  10:31  Muscular Augments  
  181  10:45  Lurker  
  181  10:46  Lurker x8  
  181  10:47  Lurker  
  175  11:13  Adrenal Glands  
  175  11:20  Lurker  
  175  11:21  Lurker  
  175  11:25  Lurker x3  
  180  11:26  Seismic Spines  
  177  11:42  Grooved Spines  
  159  11:56  Drone  
  159  11:57  Drone x9  
  169  12:04  Lurker x2  
  169  12:05  Lurker  
Show
View Real Time Build Order
Export as new Build Order

MidgetBooty Protoss 

Build Orders: 1 Gate Expand, Double Forge 

Get SALT Encoding   

  12  0:01  Probe  
  13  0:18  Pylon, Probe (Chrono Boost)  
  14  0:30  Probe (Chrono Boost)  
  15  0:38  Probe (Chrono Boost)  
  16  0:43  Gateway  
  16  0:44  Probe  
  17  0:50  Assimilator  
  17  0:56  Probe  
  18  1:09  Probe  
  19  1:27  Nexus  
  19  1:36  Pylon  
  19  1:43  Zealot  
  21  1:48  Assimilator  
  21  2:09  Cybernetics Core  
  21  2:10  Probe (Chrono Boost)  
  22  2:19  Probe (Chrono Boost)  
  23  2:24  Probe (Chrono Boost)  
  24  2:30  Pylon  
  24  2:40  Warp Gate (Chrono Boost), Probe (Chrono Boost)  
  25  2:50  Probe (Chrono Boost)  
  26  2:55  Probe (Chrono Boost)  
  27  3:01  Forge  
  27  3:06  Gateway, Probe  
  27  3:09  Gateway  
  28  3:18  Probe  
  29  3:30  Probe  
  30  3:38  Photon Cannon  
  30  3:43  Probe  
  30  3:48  Photon Cannon  
  31  3:49  Shield Battery  
  31  3:55  Probe  
  32  3:59  Forge  
  32  4:03  Pylon  
  32  4:10  Probe (Chrono Boost)  
  32  4:15  Assimilator  
  32  4:16  Protoss Shields Level 1 (Chrono Boost)  
  33  4:17  Assimilator  
  33  4:20  Probe (Chrono Boost)  
  33  4:22  Stalker  
  33  4:23  Pylon  
  36  4:24  Sentry x2  
  36  4:25  Probe (Chrono Boost)  
  41  4:37  Probe  
  42  4:49  Probe  
  42  4:51  Stalker x2  
  47  4:55  Stalker  
  47  4:57  Nexus  
  49  5:06  Twilight Council  
  49  5:07  Probe (Chrono Boost)  
  50  5:18  Probe (Chrono Boost)  
  51  5:23  Probe (Chrono Boost)  
  52  5:29  Pylon  
  52  5:32  Pylon  
  52  5:33  Probe (Chrono Boost)  
  53  5:44  Gateway  
  53  5:45  Probe (Chrono Boost)  
  53  5:46  Gateway  
  53  5:47  Blink (Chrono Boost)  
  54  5:50  Robotics Facility, Probe (Chrono Boost)  
  54  5:56  Stalker  
  57  5:57  Stalker  
  57  5:58  Protoss Ground Weapons Level 1 (Chrono Boost)  
  57  6:00  Stalker  
  61  6:11  Probe (Chrono Boost)  
  62  6:20  Probe (Chrono Boost)  
  62  6:21  Protoss Ground Armor Level 1 (Chrono Boost)  
  63  6:25  Probe (Chrono Boost)  
  64  6:37  Probe  
  65  6:40  Immortal  
  69  6:49  Robotics Facility, Probe  
  69  6:53  Stalker x4  
  69  6:54  Stalker  
  80  7:19  Immortal  
  84  7:23  Stalker x3  
  84  7:24  Stalker x2  
  76  8:17  Probe (Chrono Boost)  
  77  8:23  Photon Cannon  
  77  8:25  Photon Cannon  
  78  8:27  Photon Cannon, Probe (Chrono Boost)  
  78  8:29  Photon Cannon  
  78  8:32  Probe (Chrono Boost)  
  78  8:33  Pylon  
  79  8:35  Pylon  
  79  8:36  Stalker x3  
  79  8:37  Stalker x2  
  89  8:43  Probe  
  90  8:54  Pylon  
  90  8:55  Probe  
  90  8:56  Pylon  
  85  9:30  Photon Cannon  
  85  9:33  Photon Cannon  
  85  9:35  Photon Cannon  
  85  9:38  Photon Cannon  
  85  9:39  Charge (Chrono Boost)  
  85  9:41  Shield Battery  
  85  9:49  Probe (Chrono Boost)  
  86  9:58  Probe (Chrono Boost)  
  87  10:15  Warp Prism (Chrono Boost)  
  87  10:16  Warp Prism (Chrono Boost)  
  91  10:23  Probe (Chrono Boost)  
  91  10:25  Stalker  
  91  10:26  Stalker x4  
  102  10:33  Probe (Chrono Boost)  
  103  10:38  Probe (Chrono Boost)  
  102  10:49  Probe  
  103  11:01  Probe (Chrono Boost)  
  104  11:13  Probe (Chrono Boost)  
  104  11:17  Pylon  
  105  11:19  Pylon  
  105  11:20  Probe (Chrono Boost)  
  105  11:21  Pylon  
  105  11:25  Assimilator  
  106  11:28  Probe  
  106  11:30  Assimilator  
  106  11:32  Photon Cannon  
  107  11:34  Photon Cannon  
  107  11:35  Shield Battery, Stalker x5  
  117  11:40  Probe  
  41  11:55  Immortal x2 (Chrono Boost)  
  41  11:59  Stalker x3  
  41  12:00  Stalker  
  56  12:23  Stalker  
  56  12:24  Stalker x4  
Show
View Real Time Build Order
Export as new Build Order

NipsMcGee Terran 

Build Orders:  

Get SALT Encoding   

  12  0:00  SCV  
  13  0:13  Supply Depot  
  13  0:18  SCV  
  14  0:30  SCV  
  15  0:37  Barracks  
  15  0:42  SCV  
  16  0:46  Refinery  
  16  1:01  SCV  
  17  1:13  SCV  
  18  1:35  Command Center  
  18  1:43  SCV  
  19  1:51  Barracks Tech Lab  
  19  1:55  SCV  
  19  2:00  Supply Depot  
  20  2:07  Factory  
  20  2:16  Marine  
  21  2:25  Supply Depot  
  21  2:34  Marine  
  22  2:37  Orbital Command  
  22  2:42  Stimpack  
  22  2:47  SCV  
  23  2:52  Marine  
  23  2:55  Refinery  
  24  3:00  SCV  
  24  3:01  Factory Tech Lab  
  25  3:11  Marine  
  25  3:12  SCV  
  27  3:26  Starport  
  27  3:33  Barracks  
  27  3:42  Marine  
  28  3:55  SCV  
  28  3:59  SCV  
  28  4:00  Marine  
  30  4:07  SCV  
  31  4:11  SCV  
  32  4:17  Engineering Bay, Starport Reactor  
  32  4:18  Marine, Siege Tank  
  32  4:19  SCV  
  32  4:21  Barracks  
  37  4:36  Marine  
  38  4:43  Engineering Bay  
  38  4:44  Supply Depot, SCV  
  39  4:53  Marine  
  39  4:56  SCV  
  41  5:07  Supply Depot  
  41  5:08  Siege Tank  
  41  5:11  Marine  
  45  5:15  Medivac  
  47  5:21  SCV  
  48  5:28  Medivac  
  48  5:30  Marauder  
  48  5:33  SCV  
  53  5:36  Barracks Reactor  
  53  5:41  Barracks Tech Lab  
  53  5:45  SCV  
  53  5:47  Supply Depot  
  54  5:51  Marauder  
  56  5:57  Refinery  
  56  5:58  SCV  
  56  5:59  Medivac  
  56  6:03  Refinery  
  59  6:10  Supply Depot, SCV  
  60  6:12  Marine  
  60  6:16  Marine x3  
  64  6:22  SCV  
  65  6:30  Marine  
  66  6:33  Siege Tank  
  66  6:34  Marine x3, SCV  
  66  6:39  Terran Infantry Weapons Level 1  
  73  6:41  Terran Infantry Armor Level 1  
  73  6:46  SCV  
  74  6:47  Marine  
  74  6:51  Marine  
  74  6:52  Marine x2  
  78  6:58  SCV  
  79  7:05  Marine  
  80  7:10  SCV  
  80  7:11  Supply Depot  
  81  7:22  SCV  
  82  7:25  Command Center  
  82  7:33  Supply Depot  
  82  7:34  SCV  
  80  7:47  Viking x2  
  66  7:56  Supply Depot  
  66  7:58  Marine x2  
  57  8:01  SCV  
  59  8:09  Armory  
  59  8:14  SCV  
  59  8:16  Marine x2  
  59  8:17  Viking x2  
  66  8:20  Missile Turret  
  66  8:23  Missile Turret  
  66  8:31  Marine  
  66  8:32  Marine  
  66  8:33  Marine  
  66  8:34  Marine  
  66  8:41  Missile Turret  
  66  8:43  Missile Turret  
  62  8:50  Marine  
  62  8:51  Marine  
  62  8:52  Marine  
  55  9:06  Terran Infantry Armor Level 2  
  55  9:07  Terran Infantry Weapons Level 2  
  53  9:18  Marine x3  
  53  9:23  SCV  
  57  9:35  Marine, SCV  
  57  9:36  Marine x2  
  61  9:38  Factory  
  61  9:47  SCV, Barracks  
  60  9:53  Marine  
  60  9:54  Marine x2  
  60  9:59  SCV  
  60  10:11  Marine, SCV  
  60  10:12  Marine x2  
  64  10:24  SCV  
  64  10:26  Starport  
  65  10:28  Starport  
  65  10:29  Marine x3  
  65  10:31  Factory Tech Lab  
  65  10:34  Barracks  
  68  10:36  SCV  
  68  10:41  Missile Turret  
  69  10:45  Terran Vehicle And Ship Armor Level 1  
  69  10:47  Marine x2  
  71  10:51  Orbital Command  
  71  10:53  Orbital Command  
  71  11:02  Missile Turret  
  71  11:03  Barracks Reactor  
  71  11:05  Marine x2  
  71  11:09  Viking  
  71  11:10  Viking x2  
  79  11:22  Missile Turret x2  
  79  11:23  Supply Depot  
  79  11:32  Refinery  
  79  11:36  Barracks Reactor  
  79  11:39  Viking  
  81  11:40  Viking x2, Missile Turret  
  81  11:47  Marine x4, Supply Depot  
  89  12:00  Missile Turret  
  89  12:09  Viking  
  89  12:10  Marine x5, Viking x2  
  100  12:21  Missile Turret  
  100  12:28  Marine  
Tags
 
Add a new tag
Caveats
  • Supply blocks, unpowered buildings, or Contaminate may cause inaccurate times.
  • Supply counts are checked every 10 seconds.